 Dungeon Crawl Stone Soup version 0.28.0-53-g5a82cb258f (webtiles) character file.

Game seed: 4731749245106125980

2613 MiltankisOP the Transmogrifier (level 9, -9/68 HPs)
             Began as a Red Draconian Transmuter on July 10, 2022.
             Was an Initiate of Cheibriados.
             Mangled by a two-headed ogre
             ... wielding a +0 giant club
              (22 damage)
             ... on level 8 of the Dungeon.
             The game lasted 00:15:17 (8369 turns).

MiltankisOP the Transmogrifier (DrTm)               Turns: 8369, Time: 00:15:18

Health: -9/68      AC:  7    Str: 14    XL:     9   Next: 34%
Magic:  9/15       EV: 12    Int: 16    God:    Cheibriados [......]
Gold:   298        SH:  0    Dex: 15    Spells: 15/16 levels left

rFire   + . .      SeeInvis .     - Unarmed
rCold   . . .      Faith    .   (no shield)
rNeg    . . .      Spirit   .   (armour unavailable)
rPois   .          Reflect  .   (helmet currently unavailable)
rElec   .          Harm     .   (no cloak)
rCorr   .          Rampage  .   (no gloves)
Will    .....                   (boots currently unavailable)
Stlth   +.........              y - amulet of regeneration
HPRegen 1.01/turn               x - ring of flight
MPRegen 0.14/turn               (no ring)

@: short of breath, appendages, flying, very slow
A: horns 2, talons 2, breathe fire, AC +7, unfitting armour, fire resistance 1,
cold-blooded
a: Breathe Fire, End Transformation, Renounce Religion


You were on level 8 of the Dungeon.
You worshipped Cheibriados.
Cheibriados was noncommittal.
You had temporarily grown beastly horns and talons.
You visited 2 branches of the dungeon, and saw 9 of its levels.

You collected 298 gold pieces.

Inventory:

Hand Weapons
 c - the +6 spear "Yquypnust" {drain, rElec}
   (You found it on level 2 of the Dungeon)

   A truly terrible weapon, it drains the life of any living foe it strikes.
   rElec:     It insulates you from electricity.
Missiles
 a - 6 javelins (quivered)
Jewellery
 m - an amulet of the acrobat
 r - an amulet of guardian spirit
 s - a ring of protection from fire
 x - a ring of flight (left hand)
 y - an amulet of regeneration (around neck)
 z - an amulet of magic regeneration
Wands
 t - a wand of flame (16)
Scrolls
 e - 10 scrolls of identify {unknown}
 g - a scroll of magic mapping {unknown}
 j - a scroll of amnesia {unknown}
 k - 2 scrolls of blinking {unknown}
 l - a scroll of teleportation {unknown}
 n - a scroll of immolation {unknown}
 o - a scroll of vulnerability {unknown}
 p - a scroll of brand weapon {unknown}
 q - a scroll of fear {unknown}
 u - a scroll of holy word {unknown}
 v - a scroll of enchant weapon {unknown}
Potions
 b - 3 potions of haste {unknown}
 d - a potion of resistance {unknown}
 f - a potion of brilliance {unknown}
 h - a potion of lignification {unknown}
 i - 4 potions of curing
 w - a potion of flight {unknown}
 A - a potion of berserk rage {unknown}


   Skills:
 + Level 2.3 Fighting
 - Level 1.7 Dodging
 + Level 3.5 Unarmed Combat
 - Level 4.0 Spellcasting
 + Level 11.9 Transmutations


You had 15 spell levels left.
You knew the following spells:

 Your Spells              Type           Power      Damage    Failure   Level
a - Beastly Appendage     Tmut           82%        N/A       1%          1

Your spell library contained the following spells:

 Spells                   Type           Power      Damage    Failure   Level
 Wereblood                Tmut           41%        N/A       1%          2
 Spider Form              Tmut/Pois      22%        N/A       4%          3
 Ignite Poison            Fire/Tmut/Pois 15%        N/A       10%         3
 Ice Form                 Ice/Tmut       22%        N/A       14%         4
 Magic Dart               Conj           12%        1d3       17%         1
 Summon Small Mammal      Summ           12%        N/A       17%         1
 Call Imp                 Summ           3%         N/A       26%         2
 Call Canine Familiar     Summ           3%         N/A       45%         3
 Mephitic Cloud           Conj/Pois/Air  3%         N/A       45%         3
 Summon Guardian Golem    Hex/Summ       3%         N/A       45%         3
 Tukima's Dance           Hex            3%         N/A       45%         3
 Anguish                  Hex/Necr       1%         N/A       86%         4
 Olgreb's Toxic Radiance  Pois           3%         N/A       86%         4
 Enfeeble                 Hex            1%         N/A       100%        7


Dungeon Overview and Level Annotations

Branches:
Dungeon (8/15)             Temple (1/1) D:6
   Lair: D:8-11

Altars:
Ashenzari
Cheibriados
Dithmenos
Fedhas
Gozag
Hepliaklqana
Kikubaaqudgha
Makhleb
Nemelex Xobeh
Okawaru
Qazlal
Ru
Sif Muna
Trog
Uskayaw
Vehumet
Wu Jian
Xom
Yredelemnul
Zin
The Shining One

Shops:
D:1 [[


Innate Abilities, Weirdness & Mutations

You have temporarily grown beastly horns and talons.
You can breathe blasts of fire.
Your fiery red scales are hard. (AC +7)
You cannot fit into any form of body armour.
Your flesh is heat resistant. (rF+)
You are cold-blooded and may be slowed by cold attacks.


Message History

You now have 298 gold pieces (gained 10).
You reach down and open the door.
There is an open door here.
There is an open door here.
A two-headed ogre comes into view.
It is wielding a +0 giant club and a +0 giant spiked club.
The two-headed ogre shouts in stereo!
Aiming: Breathe Fire (4% risk of failure)
Press: ? - help, Shift-Dir - straight line
Okay, then.
Aiming: Breathe Fire (4% risk of failure)
Press: ? - help, Shift-Dir - straight line You breathe a blast of fire.
Casting: Beastly Appendage (safe; 1% risk of failure)
Confirm with . or Enter, or press ? or * to list all spells.
You grow a pair of large bovine horns.
Your feet morph into talons.
The two-headed ogre barely misses you. The two-headed ogre closely misses you.
You barely miss the two-headed ogre.
You hit the two-headed ogre but do no damage.
You claw the two-headed ogre, but do no damage.
The two-headed ogre hits you with a +0 giant club!!
The two-headed ogre barely misses you.
You hit the two-headed ogre. Your kick misses the two-headed ogre.
The two-headed ogre is lightly wounded.
The two-headed ogre hits you with a +0 giant club!
The two-headed ogre barely misses you. The flow of time bends around you.
The two-headed ogre resists with some effort.
The flow of time bends around you.
The two-headed ogre resists with some effort.
You can no longer bend time to slow others.
Cheibriados lowers the support of your attributes as your movement quickens.
The two-headed ogre closely misses you.
The two-headed ogre hits you with a +0 giant spiked club!
Okay, then.
Okay, then.
It was a potion of curing.
You feel better.
The two-headed ogre hits you with a +0 giant club!!
* * * LOW HITPOINT WARNING * * *
The two-headed ogre hits you with a +0 giant spiked club!!
You die...

......^#....#
.............
#...'....#
.............
#...##...#
.####.##....#
#...##...##.#####
#<...#
.....#............
#.....
.......#............
#.....
..##...+............
#..... +
#...#............
#.....
#...#..@.........
#..... #.
##O##'######. #....#
##...##.##...####
#....#
#........#......#
+........#......#
##.......#......#
#...##.##...####
###+ #.###### ...


You could see a two-headed ogre.

Vanquished Creatures
  Grinder (D:4)
  A wyvern (D:7)
  A water moccasin (D:6)
  A sky beast (D:6)
  An ice beast (D:5)
  3 black bears
  2 necrophages
  2 ogres
  2 phantoms (D:5)
  Blork the orc (D:6)
  3 bullfrogs
  A wyvern zombie (D:7)
  2 scorpions
  A wyvern skeleton (D:7)
  A water moccasin skeleton (D:4)
  2 centaur zombies
  5 hounds
  5 iguanas
  A centaur skeleton (D:7)
  2 orc wizards (D:7)
  A howler monkey zombie (D:5)
  4 gnolls (D:5)
  10 adders
  A howler monkey skeleton (D:7)
  2 shadow imps (D:7)
  2 white imps
  An adder skeleton (D:4)
  2 dart slugs
  15 orcs
  4 ball pythons
  5 endoplasms
  4 giant cockroaches
  7 goblins
  7 hobgoblins
  3 jackals (D:2)
  6 quokkas
  4 bats
  14 frilled lizards
  5 kobolds
  6 rats
141 creatures vanquished.

Notes
Turn   | Place    | Note
-------+----------+-------------------------------------------
     0 | D:1      | MiltankisOP the Draconian Transmuter began the quest for
                  | the Orb.
     0 | D:1      | Reached XP level 1. HP: 16/16 MP: 3/3
    95 | D:1      | Got the Incunabulum of the Countless Places
   281 | D:1      | Reached XP level 2. HP: 17/23 MP: 3/5
   977 | D:1      | Found Ganocw's Antique Armour Shoppe.
   995 | D:1      | Reached XP level 3. HP: 28/28 MP: 5/7
  1025 | D:1      | Found Fouprusaunk's Antique Armour Shoppe.
  1323 | D:2      | Identified the +6 spear "Yquypnust" {drain, rElec}
  1375 | D:2      | Reached skill level 3 in Transmutations
  1449 | D:2      | Reached XP level 4. HP: 30/35 MP: 6/8
  2651 | D:3      | Noticed a scorpion
  2662 | D:3      | Killed a scorpion
  2663 | D:3      | Reached skill level 4 in Transmutations
  2663 | D:3      | Reached XP level 5. HP: 32/40 MP: 10/10
  3682 | D:4      | Noticed Grinder
  3685 | D:4      | Paralysed by Grinder for 6 turns
  3845 | D:4      | Killed Grinder
  3846 | D:4      | Reached skill level 6 in Transmutations
  3846 | D:4      | Reached XP level 6. HP: 22/47 MP: 12/12
  4191 | D:4      | You fall into a shaft and drop 1 floor!
  4191 | D:5      | Entered Level 5 of the Dungeon
  4477 | D:4      | Your scales start taking on a fiery red colour.
  4477 | D:4      | Reached XP level 7. HP: 45/52 MP: 13/13
  4477 | D:4      | Gained mutation: Your flesh is heat resistant. (rF+) [Red
                  | Draconian growth]
  4536 | D:4      | Reached skill level 7 in Transmutations
  4833 | D:5      | Reached skill level 8 in Transmutations
  5272 | D:5      | Reached XP level 8. HP: 59/59 MP: 14/14
  5618 | D:5      | Reached skill level 9 in Transmutations
  6202 | D:6      | Reached skill level 10 in Transmutations
  6487 | D:6      | Noticed Blork the orc
  6495 | D:6      | Killed Blork the orc
  6689 | D:6      | Found a staircase to the Ecumenical Temple.
  6698 | Temple   | Entered the Ecumenical Temple
  6798 | Temple   | Became a worshipper of Cheibriados the Contemplative
  7076 | D:6      | Reached skill level 11 in Transmutations
  7358 | D:7      | Reached XP level 9. HP: 38/63 MP: 15/15
  7841 | D:7      | Reached * piety under Cheibriados
  8356 | D:8      | Noticed a two-headed ogre
  8369 | D:8      | Mangled by a two-headed ogre

Illustrated notes

Levels and vault maps discovered:
D:1:      dpeg_arrival_water_temple_mockup, layout_basic, serial_shops, shop,
          nicolae_shop_stone, minmay_lizard_pond
D:2:      layout_loops_corners
D:3:      layout_basic, minmay_fractal_squares_5
D:4:      layout_basic, minmay_misc_feat_tower, lemuel_another_geyser,
          uniq_grinder
D:5:      layout_loops_corners, grunt_ministairs_7, kennysheep_generic_room_7
D:6:      layout_basic, minmay_temple_entry_statues_pillars, uniq_blork_the_orc
D:7:      layout_basic
D:8:      layout_gridville, minmay_fountain_box
Temple:   mainiacjoe_temple_archimedes_tessellation

Skill      XL: |  1  2  3  4  5  6  7  8  9 |
---------------+----------------------------+-----
Transmutations | 3 4 6 8 11 | 11.9
Spellcasting   | 3 4 |  4.0
Fighting       | 2 |  2.3
Dodging        | |  1.7
Unarmed Combat | |  3.5

Action                   |  1- 3 |  4- 6 |  7- 9 || total
-------------------------+-------+-------+-------++-------
Melee: Unarmed           |    72 |       |    51 ||   123
       Kick              |    16 |     7 |    19 ||    42
       Headbutt          |     9 |     6 |    17 ||    32
       Tailslap          |     3 |     6 |    25 ||    34
       Spear             |    12 |   119 |   156 ||   287
       Punch             |       |     1 |     6 ||     7
 Cast: Beastly Appendage |    19 |    21 |    11 ||    51
Invok: Bend Time         |       |       |     2 ||     2
 Abil: Breathe Fire      |       |       |    20 ||    20
  Use: Potion            |       |       |     1 ||     1
 Stab: Sleeping          |     1 |     1 |     1 ||     3
Armor: Skin              |    13 |    30 |    57 ||   100
Dodge: Dodged            |    54 |    55 |    98 ||   207
